 Dungeon Crawl Stone Soup version 0.25-a0-578-gc91f01c39c (webtiles) character file.

Game seed: 10169745177671518665, levelgen mode: deterministic

2769 An17 the Covert (level 9, -11/49 HPs)
             Began as a Vampire Enchanter on Mar 3, 2020.
             Was a Believer of Ashenzari.
             Mangled by Gastronok (31 damage)
             ... on level 8 of the Dungeon.
             The game lasted 00:22:51 (6259 turns).

An17 the Covert (Vampire Enchanter)                 Turns: 6259, Time: 00:22:51

Health: -11/49     AC:  8    Str: 11    XL:     9   Next: 42%
Magic:  14/15      EV: 14    Int: 19    God:    Ashenzari [**....]
Gold:   400        SH:  0    Dex: 16    Spells: 8/17 levels left

rFire    x . .     SeeInvis +   g - +3 dagger (venom) (curse)
rCold    + + +     Gourm    .   (no shield)
rNeg     + + +     Faith    .   x - +0 acid dragon scales
rPois    ∞         Spirit   .   (no helmet)
rElec    .         Reflect  .   z - +0 cloak "Huostinu" {Str+4} (curse)
rCorr    +         Harm     .   (no gloves)
MR       .....                  h - +0 pair of boots
Stlth    +++++++...             v - amulet of regeneration
HPRegen  0.00/turn              e - ring of ice
MPRegen  0.14/turn              (no ring)

@: bloodless, slowed, very slow
A: no food, fangs 3, see invisible, unbreathing
a: Bat Form, Revivify, Curse Item, Scrying, Renounce Religion


You were on level 8 of the Dungeon.
You worshipped Ashenzari.
Ashenzari was pleased with you.
You were bloodless.

You visited 1 branch of the dungeon, and saw 8 of its levels.

You collected 400 gold pieces.

Inventory:

Hand Weapons
 g - a cursed +3 dagger of venom (weapon)
 l - a +2 hand axe of freezing
 u - a cursed -2 spear
 w - a +6 morningstar of protection
Missiles
 j - 15 poisoned darts
 t - 10 atropa-tipped darts (quivered)
Armour
 h - a +0 pair of boots (worn)
 x - +0 acid dragon scales (worn)
 z - the cursed +0 cloak "Huostinu" (worn) {Str+4}
   (You found it on level 8 of the Dungeon)

   It affects your strength (+4).
   If you remove this armour, your AC will decrease by 1 (8 -> 7).
   It has a curse placed upon it.
Jewellery
 e - a ring of ice (left hand)
 v - an amulet of regeneration (around neck)
Wands
 m - a wand of random effects (8)
Scrolls
 a - a scroll of blinking
 c - 4 scrolls of magic mapping
 n - 3 scrolls of enchant armour
 p - 2 scrolls of fog
 y - a scroll of remove curse
Potions
 b - a potion of magic {unknown}
 d - 2 potions of curing
 f - 2 potions of mutation
 i - 3 potions of flight
 o - a potion of invisibility {unknown}
 q - a potion of stabbing
 r - a potion of cancellation {unknown}
 s - 2 potions of heal wounds


   Skills:
 + Level 2.8 Fighting
 + Level 5.5(7.8) Short Blades
 + Level 0.5 Armour
 + Level 5.3 Dodging
 + Level 12.1 Stealth
 + Level 4.5 Spellcasting
 + Level 8.1 Hexes
 + Level 3.1 Ice Magic


You had 8 spell levels left.
You knew the following spells:

 Your Spells              Type           Power        Failure   Level  Hunger
a - Corona                Hex            #####..      1%          1    N/A
b - Ensorcelled Hibernat  Hex/Ice        #####.       3%          2    N/A
c - Tukima's Dance        Hex            #####...     2%          3    N/A
d - Confusing Touch       Hex            #####...     2%          3    N/A

Your spell library contained the following spells:

 Spells                   Type           Power        Failure   Level  Hunger
 Dazzling Flash           Conj/Hex       ###...       12%         3    N/A

Dungeon Overview and Level Annotations

Branches:
Dungeon (8/15)             Temple (0/1) D:5
   Lair: D:8-11

Altars:
Ashenzari
Cheibriados
Gozag
Hepliaklqana
Nemelex Xobeh
Qazlal
Ru
Sif Muna
Uskayaw
Xom
Yredelemnul
Zin

Annotations:
D:3 3 runed translucent doors, Gargoyl's ghost, weakling CeAK
D:8 Gastronok


Innate Abilities, Weirdness & Mutations

You do not eat.
You do not regenerate when monsters are visible.
You are frail without blood (-20% HP).
You can heal yourself when you bite living creatures.
You are immune to poison.
You have razor-sharp teeth.
You have supernaturally acute eyesight. (SInv)
You can survive without breathing.


Message History

You hit Gastronok.
Gastronok looks as sick as possible!
You bite Gastronok.
Gastronok is lightly wounded.
You hit Gastronok.
Gastronok looks as sick as possible!
Gastronok is lightly wounded.
You strike the helpless Gastronok from behind!
You impale Gastronok!!
Gastronok looks as sick as possible!
Gastronok is heavily wounded.
You hit Gastronok.
Gastronok looks as sick as possible!
Gastronok is heavily wounded.
You hit Gastronok.
Gastronok looks as sick as possible!
Gastronok is heavily wounded.
You catch the helpless Gastronok completely off-guard!
You stick Gastronok like a pincushion!!!
Gastronok looks as sick as possible!
Gastronok is severely wounded.
You hit Gastronok.
Gastronok looks as sick as possible!
Gastronok is almost dead.
Gastronok bites you!!
Ouch! That really hurt!
You die...

##.......[......... ,
#........###...#..#,**
.....<.........#..#
........>.....##..#
##.#..#.......##..# #
# #..##.##...##..#.#
#..##.##...##..#.##
####.........w....#
#####.#.##@.#.## ,
,,...#.##..# * ,
..........# *
..#.#.#.##..# * , .
#.#........,, ,
............
,.#.#####.### #.#,*
#.# #.#


You could see Gastronok (confused).

Vanquished Creatures
  Maggie (D:7)
  2 hornets (D:7)
  Prince Ribbit (D:7)
  A hippogriff (D:7)
  Menkaure (D:7)
  An orc warrior (D:6)
  A phantom (D:5)
  An ogre (D:3)
  A centaur (D:6)
  2 bullfrogs
  A scorpion (D:5)
  A wyvern skeleton (D:6)
  A killer bee (D:7)
  3 howler monkeys (D:7)
  A crimson imp (D:6)
  A quasit (D:6)
  3 hounds
  A centaur skeleton (D:5)
  6 iguanas
  6 orc wizards
  3 worker ants
  2 hound skeletons
  A howler monkey zombie (D:3)
  A worker ant zombie (D:7)
  11 gnolls
  5 adders
  2 oozes
  A worm (D:2)
  3 dart slugs
  5 leopard geckos
  12 orcs
  2 giant cockroaches
  10 goblins
  5 hobgoblins
  7 jackals (D:1)
  5 quokkas
  A ball python (D:1)
  7 bats
  10 frilled lizards
  11 kobolds
  10 rats
  A spectral orc (D:2)
151 creatures vanquished.

Notes
Turn   | Place    | Note
-------+----------+-------------------------------------------
     0 | D:1      | An17 the Vampire Enchanter began the quest for the Orb.
     0 | D:1      | Reached XP level 1. HP: 13/13 MP: 3/3
   137 | D:1      | Reached XP level 2. HP: 14/19 MP: 3/5
   150 | D:1      | Learned a level 2 spell: Ensorcelled Hibernation
   189 | D:1      | Reached skill level 5 in Hexes
   519 | D:1      | Reached XP level 3. HP: 9/20 MP: 3/6
   524 | D:1      | Learned a level 3 spell: Tukima's Dance
   764 | D:1      | Reached skill level 5 in Stealth
  1337 | D:2      | Found a shimmering altar of Xom.
  1403 | D:2      | Reached XP level 4. HP: 24/24 MP: 4/7
  1451 | D:2      | Found a basalt altar of Yredelemnul.
  1639 | D:3      | Found a runed translucent gate.
  1640 | D:3      | Found a runed translucent gate.
  1641 | D:3      | Found a runed translucent gate.
  1642 | D:3      | Found an opulent altar of Gozag.
  1643 | D:3      | Noticed Gargoyl's ghost (weakling CeAK)
  1751 | D:3      | Reached skill level 6 in Stealth
  1775 | D:3      | Reached skill level 1 in Fighting
  2190 | D:3      | Noticed an ogre
  2405 | D:3      | Killed an ogre
  2405 | D:3      | Reached skill level 7 in Stealth
  2405 | D:3      | Reached XP level 5. HP: 9/29 MP: 5/8
  2412 | D:3      | Learned a level 3 spell: Confusing Touch
  2811 | D:4      | Found a glowing silver altar of Zin.
  2822 | D:4      | Reached skill level 1 in Ice Magic
  2957 | D:4      | Reached XP level 6. HP: 34/34 MP: 6/9
  2960 | D:4      | Found a shattered altar of Ashenzari.
  2972 | D:4      | Became a worshipper of Ashenzari the Shackled
  3365 | D:5      | Entered Level 5 of the Dungeon
  3581 | D:5      | Reached skill level 8 in Stealth
  3620 | D:5      | Reached XP level 7. HP: 32/38 MP: 4/11
  3722 | D:5      | Reached skill level 9 in Stealth
  3743 | D:5      | Found a staircase to the Ecumenical Temple.
  3832 | D:5      | Found a stormy altar of Qazlal.
  3964 | D:6      | Found a shimmering blue altar of Sif Muna.
  3969 | D:6      | Found a sparkling altar of Nemelex Xobeh.
  3974 | D:6      | Found a hide-covered altar of Uskayaw.
  3979 | D:6      | Found a sacrificial altar of Ru.
  4147 | D:6      | Reached XP level 8. HP: 44/44 MP: 9/13
  4154 | D:6      | Found a snail-covered altar of Cheibriados.
  4164 | D:6      | Reached skill level 10 in Stealth
  4504 | D:6      | Reached * piety under Ashenzari
  4829 | D:6      | HP: 2/44 [iguana (9)]
  5400 | D:7      | Noticed a hippogriff
  5452 | D:7      | Killed a hippogriff
  5532 | D:7      | Noticed Maggie
  5542 | D:7      | Killed Maggie
  5542 | D:7      | Reached skill level 11 in Stealth
  5564 | D:7      | Noticed a hornet
  5589 | D:7      | Killed a hornet
  5589 | D:7      | Reached skill level 5 in Short Blades
  5589 | D:7      | Reached XP level 9. HP: 35/49 MP: 12/15
  5591 | D:7      | Reached skill level 5 in Dodging
  5660 | D:7      | Noticed Prince Ribbit
  5667 | D:7      | Killed Prince Ribbit
  5733 | D:7      | Noticed Menkaure
  5737 | D:7      | Killed Menkaure
  5989 | D:7      | Found a hazy altar of Hepliaklqana.
  6157 | D:8      | Reached skill level 12 in Stealth
  6213 | D:8      | Reached ** piety under Ashenzari
  6214 | D:8      | Got the cursed cloak "Huostinu" {Str+4}
  6225 | D:8      | Identified the cursed +0 cloak "Huostinu" {Str+4} (You
                  | found it on level 8 of the Dungeon)
  6233 | D:8      | Noticed Gastronok
  6259 | D:8      | Mangled by Gastronok

Levels and vault maps discovered:
D:1:      dpeg_chamrin_arrival_tetris, layout_basic
D:2:      layout_rooms, lemuel_round_altar, yredelemnul_forgotten_temple_becter,
          first_ration
D:3:      layout_basic, ebering_ghost_gozag, chequers_serial_rivers_room_a
D:4:      layout_basic, cheibrodos_ashenzari_chains, lemuel_altar_in_water
D:5:      layout_rooms, kennysheep_little_box, temple_doors_e,
          supply_closet_lemuel, nrook_loot_triangle
D:6:      layout_loops_ring, grunt_temple_overflow_cloverleaf,
          nicolae_overflow_crystal_walls
D:7:      layout_basic, lemuel_crystal_altar, minmay_starry_boxes,
          uniq_menkaure, uniq_prince_ribbit1, uniq_maggie
D:8:      layout_basic, david_lair_generic, ebering_ghost_disaster_area,
          david_nohive_1, uniq_gastronok

Skill      XL: |  1  2  3  4  5  6  7  8  9 |
---------------+----------------------------+-----
Hexes          | 5 6 7 8 |  8.1
Stealth        | 5 7 8 9 11 12 | 12.1
Fighting       | 1 2 |  2.8
Short Blades   | 2 3 5 |  5.5
Ice Magic      | 1 2 3 |  3.1
Spellcasting   | 3 4 |  4.5
Dodging        | 3 4 5 |  5.3
Armour         | |  0.5

Action                   |  1- 3 |  4- 6 |  7- 9 || total
-------------------------+-------+-------+-------++-------
Melee: Dagger            |   121 |    80 |   207 ||   408
       Bite              |     4 |     3 |    18 ||    25
 Cast: Corona            |     5 |       |       ||     5
       Ensorcelled Hiber |    14 |    18 |    19 ||    51
       Confusing Touch   |       |       |     4 ||     4
Invok: Curse Item        |       |       |     1 ||     1
 Abil: Exsanguinate      |     1 |       |       ||     1
  Use: Scroll            |     5 |     4 |     6 ||    15
       Potion            |     1 |       |     1 ||     2
 Stab: Sleeping          |    21 |    30 |    28 ||    79
       Confused          |       |       |     7 ||     7
Armor: Robe              |     7 |     7 |    26 ||    40
       Acid dragon scale |       |       |     4 ||     4
Dodge: Dodged            |    90 |    49 |   110 ||   249

Table legend:
 A = Non-vault XP
 B = Vault XP
 C = Vault XP percentage of total XP
 D = Non-vault monster count
 E = Vault monster count
 F = Vault count percentage of total count
                 A         B        C        D         E       F
            +---------+---------+-------+---------+---------+-------
      Total |    2521 |    1436 |  36.3 |     143 |       8 |   5.3
            +---------+---------+-------+---------+---------+-------
        D:1 |      47 |       0 |   0.0 |      26 |       0 |   0.0
        D:2 |      54 |       1 |   1.8 |      32 |       1 |   3.0
        D:3 |     209 |       0 |   0.0 |      24 |       0 |   0.0
        D:4 |     109 |       0 |   0.0 |       5 |       0 |   0.0
        D:5 |     535 |       0 |   0.0 |      17 |       0 |   0.0
        D:6 |     953 |       0 |   0.0 |      28 |       0 |   0.0
        D:7 |     526 |    1435 |  73.2 |      10 |       7 |  41.2
        D:8 |      88 |       0 |   0.0 |       1 |       0 |   0.0
            +---------+---------+-------+---------+---------+-------
